AoeStats
← 一条固执的鱼

MegaRandom

505903385Analyzed
3v3 RM · 22d ago on Sep 11, 2026· 10m 6s· 6 players
Game mode
Random Map
Map size
Normal (6 player)
Population
200
Speed
Normal
Resources
Standard
Victory
Conquest
Starting age
Dark Age
Ending age
Imperial Age
RankedLock teamsTeams togetherTeam positionsShared explorationLock speedFull tech treeHidden civsTurbo modeCheats
Victory
Defeat
🇺🇸 Khmer · United States
1256
+17
🇺🇸 Italians · United States
1225
+18
🇮🇳 Goths · India
1115
+22
🇨🇳 Vietnamese · China
1273
-19
🇨🇳 Britons · China
1265
-19
🇨🇳 Mongols · China
1253
-19
Ra
dipsh*t
5:19 Loom
8
6:45 Loom
9:54 Feudal Age
沉着 冷静
6:03 Loom
8:26 Feudal Age
9:05 Double-Bit Axe
一条固执的鱼
7:04 Loom
10:26 Feudal Age
809591945
5:09 Loom
6:30 Loom
6:38 Loom
9:29 Feudal Age
10:00 Town Watch
10:04 Double-Bit Axe
Connection lost

Rejoining the realm…

Still unreachable

The connection could not be restored.

Session expired

The server has moved on; the page needs a fresh start.